 Dungeon Crawl Stone Soup version 0.29-a0-824-gd827844252 (webtiles) character file.

Game seed: 12122770562176576680

427 pokeman the Magician (level 6, -12/34 HPs)
             Began as a Deep Elf Hedge Wizard on July 10, 2022.
             Killed by divine providence
             ... invoked by an orc priest
              (13 damage)
             ... on level 4 of the Dungeon.
             The game lasted 00:06:13 (3938 turns).

pokeman the Magician (Deep Elf Hedge Wizard)        Turns: 3938, Time: 00:06:14

Health: -12/34     AC:  4    Str:  7    XL:     6   Next: 65%
Magic:  13/18      EV: 12    Int: 21    God:
Gold:   181        SH:  0    Dex: 14    Spells: 8/19 levels left

rFire   . . .      SeeInvis .   m - +3 hand axe (venom)
rCold   . . .      Faith    .   (no shield)
rNeg    . . .      Spirit   .   h - +0 leather armour
rPois   +          Reflect  .   c - +0 hat
rElec   .          Harm     .   (no cloak)
rCorr   .          Rampage  .   (no gloves)
Will    .....                   f - +0 pair of boots
Stlth   ++........              (no amulet)
HPRegen 0.11/turn               e - ring of poison resistance
MPRegen 0.16/turn               (no ring)

@: no status effects
A: no striking features
a: no special abilities


You were on level 4 of the Dungeon.
You visited 1 branch of the dungeon, and saw 4 of its levels.

You collected 181 gold pieces.

Inventory:

Hand Weapons
 m - a +3 hand axe of venom (weapon)
Armour
 c - a +0 hat (worn)
 f - a +0 pair of boots (worn)
 h - a +0 leather armour (worn)
Jewellery
 e - a ring of poison resistance (left hand)
 j - an amulet of guardian spirit
 p - a ring of protection from cold
Scrolls
 b - a scroll of blinking {unknown}
 g - a scroll of amnesia {unknown}
 i - 2 scrolls of teleportation {unknown}
 n - a scroll of brand weapon {unknown}
 o - a scroll of noise {unknown}
 q - a scroll of magic mapping {unknown}
 s - a scroll of vulnerability {unknown}
 t - a scroll of enchant armour {unknown}
 u - a scroll of silence {unknown}
Potions
 a - a potion of invisibility {unknown}
 d - 2 potions of magic
 k - a potion of flight {unknown}
 l - 2 potions of curing {unknown}
 r - a potion of degeneration {unknown}
 v - a potion of brilliance {unknown}


   Skills:
 + Level 1.5 Fighting
 - Level 1.0 Armour
 - Level 3.0 Dodging
 - Level 3.0 Stealth
 * Level 7.2 Spellcasting
 + Level 3.5 Conjurations
 - Level 1.1 Summonings
 - Level 1.1 Translocations
 + Level 1.6 Fire Magic
 - Level 1.0 Air Magic
 - Level 1.1 Poison Magic


You had 8 spell levels left.
You knew the following spells:

 Your Spells              Type           Power      Damage    Failure   Level
a - Magic Dart            Conj           88%        1d7       3%          1
b - Mephitic Cloud        Conj/Pois/Air  15%        N/A       17%         3
c - Call Imp              Summ           12%        N/A       12%         2
d - Blink                 Tloc           24%        N/A       12%         2
e - Conjure Flame         Conj/Fire      18%        6-21      13%         3

Your spell library contained the following spells:

 Spells                   Type           Power      Damage    Failure   Level
 Apportation              Tloc           24%        N/A       9%          1
 Summon Small Mammal      Summ           48%        N/A       9%          1
 Necrotise                Necr           28%        1d5       13%         1
 Slow                     Hex            28%        N/A       13%         1


Dungeon Overview and Level Annotations

Branches:
Dungeon (4/15)
 Temple: D:4-7

Altars:
Sif Muna
Xom


Message History

Unknown command. 2 orc priests come into view.
The gnoll hits you with a +0 flail.
Items here: ))) †.
You closely miss the gnoll. You hit the gnoll bouda.
The gnoll bouda is poisoned.
The gnoll bouda closely misses you. The howler monkey hits you.
The gnoll barely misses you.
Unknown command.
The howler monkey hoots and howls with incredible vigour!
You hear a shout!
You hear an angry hiss.
You hear a shout!
You slash the gnoll bouda!
You kill the gnoll bouda!
The howler monkey completely misses you.
The orc priest mumbles some strange prayers to Beogh against you.
Beogh smites you!
Unknown command.
Casting: Conjure Flame (quite dangerous; 13% risk of failure)
Confirm with . or Enter, or press ? or * to list all spells.
A shadowy apparition takes form in the air.
The gnoll is no longer moving quickly.
The howler monkey misses you.
The orc priest invokes the aid of Beogh against you.
Beogh smites you!
* * * LOW HITPOINT WARNING * * *
You swap places.
The howler monkey hits your shadow imp.
Your shadow imp hits the howler monkey.
Unknown command.
The howler monkey barely misses your shadow imp.
Your shadow imp closely misses the howler monkey.
The howler monkey misses your shadow imp.
A quokka comes into view.
The howler monkey hoots and howls with incredible vigour!
Your shadow imp closely misses the howler monkey.
An orc priest comes into view. It is wielding a +0 flail.
You hear a shout! x2
The howler monkey hits your shadow imp.
Your shadow imp hits the howler monkey.
The howler monkey misses your shadow imp.
Your shadow imp hits the howler monkey.
The orc priest invokes the aid of Beogh against you.
Beogh smites you!
You die...

#. .o ..# #.# #. .
#.# #.# #. . #.# #.#
#.#. #.# #.# #..# #.#
#.# . #.## #.# #.#
....###og######.###.#
.....†r.oh5....@...>#
###.####o######.###.#
#..........# #.#
#.#.######## #.#
#.#.# #.# ..#..
#####'### #####.#
#.......# ..
#.......# ...
#.......#


You could see a howler monkey (distracted, catching breath, ally target), an orc
priest, a gnoll, an orc and a friendly shadow imp (summoned).

Vanquished Creatures
  3 scorpions (D:4)
  A hound (D:2)
  A gnoll bouda (D:4)
  An orc wizard (D:3)
  5 gnolls
  3 adders (D:3)
  A worm (D:2)
  4 orcs (D:3)
  13 endoplasms
  A giant cockroach (D:1)
  5 goblins
  4 hobgoblins
  8 jackals
  7 kobolds
  3 quokkas
  4 ball pythons
  5 bats
  2 frilled lizards
  4 rats
75 creatures vanquished.

Vanquished Creatures (collateral kills)
  A gnoll (D:2)
  A giant cockroach (D:2)
  A jackal (D:2)
3 creatures vanquished.

Vanquished Creatures (others)
  4 fungi (D:3)
4 creatures vanquished.

Grand Total: 82 creatures vanquished

Notes
Turn   | Place    | Note
-------+----------+-------------------------------------------
     0 | D:1      | pokeman the Deep Elf Hedge Wizard began the quest for the
                  | Orb.
     0 | D:1      | Reached XP level 1. HP: 10/10 MP: 7/7
   272 | D:1      | Reached XP level 2. HP: 15/15 MP: 5/9
   833 | D:1      | Reached skill level 5 in Spellcasting
  1341 | D:1      | Reached XP level 3. HP: 20/20 MP: 6/11
  1345 | D:1      | Learned a level 3 spell: Mephitic Cloud
  1348 | D:1      | Learned a level 2 spell: Call Imp
  1351 | D:1      | Learned a level 2 spell: Blink
  1355 | D:1      | Learned a level 3 spell: Conjure Flame
  2097 | D:2      | Reached skill level 1 in Armour
  2188 | D:2      | Reached skill level 1 in Fighting
  2195 | D:2      | Reached XP level 4. HP: 10/25 MP: 4/13
  2202 | D:2      | Found a faded altar of an unknown god.
  2787 | D:3      | Reached skill level 6 in Spellcasting
  2787 | D:3      | Reached XP level 5. HP: 28/29 MP: 2/15
  2890 | D:3      | Found a shimmering blue altar of Sif Muna.
  2956 | D:3      | Found a shimmering altar of Xom.
  3709 | D:4      | Reached skill level 1 in Fire Magic
  3709 | D:4      | Reached skill level 1 in Air Magic
  3780 | D:4      | Reached XP level 6. HP: 34/34 MP: 8/17
  3785 | D:4      | Reached skill level 7 in Spellcasting
  3785 | D:4      | Reached skill level 1 in Poison Magic
  3933 | D:4      | HP: 1/34 [orc priest/divine providence (12)]
  3938 | D:4      | Killed from afar by an orc priest

Illustrated notes

Levels and vault maps discovered:
D:1:      sevenhm_arrival_forest_fort_large_2, layout_basic,
          kennysheep_decorative_pillar
D:2:      layout_basic, ebering_ecumenical_altar_rust, hangedman_feature_mirror
D:3:      layout_loops_ring, mainiacjoe_overflow_chevrons,
          general_overflow_altar
D:4:      layout_basic, kennysheep_ying_yang, minmay_cupped

Skill      XL: |  1  2  3  4  5  6 |
---------------+-------------------+-----
Spellcasting   | 5 6 7 |  7.2
Armour         | 1 |  1.0
Conjurations   | 2 3 |  3.5
Fighting       | 1 |  1.5
Dodging        | 3 |  3.0
Stealth        | 3 |  3.0
Fire Magic     | 1 |  1.6
Air Magic      | 1 |  1.0
Poison Magic   | 1 |  1.1
Summonings     | |  1.1
Translocations | |  1.1

Action                   |  1- 3 |  4- 6 || total
-------------------------+-------+-------++-------
Melee: Hand axe          |     7 |    43 ||    50
       Dagger            |     3 |       ||     3
 Cast: Magic Dart        |    90 |    44 ||   134
       Mephitic Cloud    |     3 |     4 ||     7
       Call Imp          |     1 |     3 ||     4
       Conjure Flame     |       |     2 ||     2
 Stab: Confused          |     2 |       ||     2
Armor: Leather armour    |     7 |    17 ||    24
Dodge: Dodged            |     8 |    37 ||    45

Table legend: (Time is in decaauts)
 A = Elapsed time spent in this place.
 B = Non-inter-level travel time spent in this place.
 C = Inter-level travel time spent in this place.
 D = Time resting spent in this place.
 E = Time spent auto-exploring this place.
 F = Levels seen in this place.
 G = Mean time per level.
                   A        B        C        D        E       F      G
               +--------+--------+--------+--------+--------+-----+--------+
         Total |   3951 |   3813 |    138 |     63 |   3284 |   4 |  987.8 |
       Dungeon |   3951 |   3813 |    138 |     63 |   3284 |   4 |  987.8 |
               +--------+--------+--------+--------+--------+-----+--------+

Top non-repeatable levels by time:
     D:1: 1658 daAuts
     D:2: 1117 daAuts
     D:3: 914 daAuts
     D:4: 261 daAuts
